[Event "XTX Markets London Classic-Elite 2024"]
[Site "London"]
[Date "2024.12.03"]
[Round "5.2"]
[White "Jones, Gawain C B"]
[Black "Mamedyarov, Shakhriyar"]
[Result "1/2-1/2"]
[WhiteElo "2639"]
[BlackElo "2738"]
[Annotator "TA"]
[PlyCount "110"]
[EventDate "2024.??.??"]
[TimeControl "60"]

1. Nf3 d5 2. g3 Nf6 3. Bg2 e6 4. O-O Be7 5. d4 O-O 6. c4 c6 7. Nc3 a5 8. Bf4 dxc4 9. Ne5 Nd5 10. Nxc4 Nd7 11. Rc1 Nxf4 12. gxf4 Nf6 13. e3 Bd7 ({RR} 13... Nd5 14. Kh1 Kh8 15. Ne4 a4 16. a3 Bd7 17. Qh5 Be8 18. Qh3 Rc8 19. Rg1 f5 20. Nc5 Rf6 21. Nxb7 Qc7 22. Nc5 Rh6 23. Nxe6 Rxe6 24. Qxf5 Rf6 25. Qd3 Qd8 26. Ne5 Rh6 27. Qf5 Rf6 28. Qd3) 14. Kh1 ({RR} 14. Ne5 Be8 15. a3 g6 16. Qb3 Rb8 17. Rfd1 Nd5 18. Ne4 Kh8 19. Nc5 Rg8 20. Kh1 g5 21. f5 exf5 22. Ncd7 Rc8 23. Bxd5 cxd5 24. Qxb7 Ra8 25. Nc6 Qxd7 26. Qxa8 Qe6 27. Ne5 f4 28. Qc8 Qf6) 14... Be8 15. a3 $146 ({RR} 15. Rg1 Kh8 16. Qf3 Rg8 17. Qh3 Rc8 18. f5 exf5 19. Qxf5 Ra8 20. Rgd1 g6 21. Qe5 Rg7 22. d5 Nd7 23. Qf4 Bg5 24. Qf3 c5 25. Ne4 Bh4 26. Ned6 Rb8 27. Qh3 Bf6 28. Nxa5 Qxa5 29. Nxe8 Rxe8 {Jones,G (2646)-Brunello,S (2511) Budapest HUN 2024 1-0 (58)}) ({RR} 15. Rg1 Kh8 16. Qf3 Rg8 17. Qh3 Rc8 18. f5 exf5 19. Qxf5 Ra8 20. Rgd1 g6 21. Qe5 Rg7 22. d5 Nd7 23. Qf4 Bg5 24. Qf3 c5 25. Ne4 Bh4 26. Ned6 Rb8 27. Qh3 Bf6 28. Nxa5 Qxa5 29. Nxe8 Rxe8 {Jones,G (2646)-Brunello,S (2511) Budapest HUN 2024 1-0 (58)}) 15... Kh8 16. Rg1 Nd5 17. Ne4 Rc8 18. Qd2 b6 19. Ng3 f5 20. Ne5 Bd6 21. Rc2 Bxe5 22. fxe5 (22. dxe5 $11 c5 23. Bxd5 exd5 24. f3) 22... f4 $1 $17 23. exf4 Nxf4 24. Be4 c5 25. dxc5 {[%emt 0:03:11] Strongly threatening Qxd8.} Qxd2 26. Rxd2 Rxc5 27. f3 Nh3 28. b4 axb4 29. axb4 Rxe5 30. Rc1 Bg6 31. Bxg6 hxg6 32. Rd7 {[%emt 0:01:01] [#]} (32. Re2 $142 Rb5 (32... Rxe2 33. Nxe2 Rxf3 34. Kg2 $17) 33. Rc4) 32... g5 ({And not} 32... Rxf3 33. Rc8+ Kh7 34. Rdd8 $16) ({Better is} 32... Ng5 $1 33. Rb7 b5 (33... Rxf3 34. Rb8+ Kh7 35. Rc4 $17) (33... Nxf3 $2 34. Rxb6 Kh7 35. Kg2 $17)) 33. Kg2 (33. Nh5 $17 {was called for.}) 33... Nf4+ $19 34. Kg1 Ra8 35. Rc2 {[%emt 0:00:35] Prevents Re2} (35. Kh1 $17) 35... Re3 36. Ne4 {[%emt 0:03:24] [#]} g4 37. Ng5 $15 gxf3 38. Rcd2 {[%emt 0:01:44] Dodges Nd3. White threatens Rd8+ and mate.} Rf8 39. Kf2 Rb3 (39... Re2+ {simplifies} 40. Kxf3 Rxd2 41. Rxd2 Nh3+) 40. Rd8 Kg8 41. R2d6 b5 (41... Rxb4 {simplifies} 42. Kxf3 e5 43. Rxf8+ Kxf8 44. Rd7 Nh5) 42. R6d7 {[%emt 0:02:31] Hoping for Rxf8+.} Rxb4 (42... e5 $1 $15) 43. Kxf3 $11 e5 44. Rxf8+ Kxf8 {[%emt 0:00:03][%mdl 4096] Endgame. KRN-KRN} 45. Rf7+ $1 Ke8 {[%emt 0:00:52][%cal Of4e6] And now ...Ne6! would win.} 46. Rxg7 Nh5 47. Rb7 Nf6 48. Rb6 Nd7 49. Re6+ {[%emt 0:00:16] The position is equal.} Kf8 50. Nh7+ Kg8 51. Re7 Rf4+ 52. Ke3 Nb6 53. Rxe5 Rh4 {[%emt 0:00:11] Threatens to win with ...Nc4+.} 54. Rh5 Nc4+ (54... Rxh5 $5 55. Nf6+ $8 Kf8 56. Nxh5 Ke7 $11) 55. Kd3 Rxh5 {[%emt 0:00:13] Weighted Error Value: White=0.11 (very precise) /Black=0.11 (very precise) . Mistake: 	White=4 	Black=3 Inaccurate: 	White=2 	Black=2 OK: 	White=19 	Black=22 Best: 	White=4 	Black=1 Strong: 	White=1 	Black=1} 1/2-1/2

[Event "XTX Markets London Classic-Elite 2024"]
[Site "London"]
[Date "2024.12.03"]
[Round "5.3"]
[White "Adams, Michael"]
[Black "Vitiugov, Nikita"]
[Result "1/2-1/2"]
[WhiteElo "2662"]
[BlackElo "2668"]
[Annotator "TA"]
[PlyCount "61"]
[EventDate "2024.??.??"]
[TimeControl "60"]

1. e4 e5 2. Nf3 Nc6 3. Bc4 Bc5 4. d3 Nf6 5. Nc3 a6 6. Be3 Bxe3 7. fxe3 d6 8. a4 O-O 9. O-O Be6 10. Nd2 Na5 $146 ({RR} 10... Ne7 11. a5 Ng6 12. Qf3 Qe7 13. d4 c6 14. Bxe6 fxe6 15. Qg3 exd4 16. exd4 e5 17. dxe5 dxe5 18. h3 Nh5 19. Qe3 Nhf4 20. Nf3 h6 21. Rad1 Qe6 22. Rd2 Rf6 23. Na4 Qe7 24. Nc5 Ne6 25. Nxe6 {Lamaze,S (2388)-Can,I (2512) Purtichju FRA 2023 ½-½ (58)}) ({RR} 10... Nb4 11. h3 Qd7 12. a5 Rad8 13. Rf2 d5 14. exd5 Nfxd5 15. Bxd5 Nxd5 16. e4 Nxc3 17. bxc3 Qc6 18. c4 b5 19. axb6 Qxb6 20. Qb1 Qa7 21. Qa2 Rd6 22. Qa5 f6 23. Nb3 Rc6 24. Qe1 f5 25. Kh2 {Migot,T (2326)-Degraeve,R (2432) Chartres FRA 2024 ½-½ (45)}) 11. Bd5 Nc6 12. a5 Ne7 13. Bxe6 fxe6 14. d4 Ng6 15. Qe2 d5 16. Rad1 Qe7 17. Nf3 Nxe4 18. Nxe4 {[%emt 0:00:05] The position is equal.} dxe4 19. Nxe5 Nxe5 20. dxe5 Qc5 21. Qd2 (21. Qg4 {is interesting.} Qxe3+ 22. Kh1 Qh6 23. Qxe4 Rxf1+ 24. Rxf1 Rf8 25. Rg1) 21... Rxf1+ 22. Rxf1 Rf8 23. Rxf8+ Kxf8 $11 {[%emt 0:00:27][%mdl 4096] Endgame. KQ-KQ} 24. Qd8+ Kf7 25. Qd7+ Kf8 26. Qd8+ Kf7 27. Qd7+ Kf8 28. Qd8+ Kf7 29. Qd7+ Kf8 30. Qd8+ Kf7 31. Qd7+ {[%emt 0:30:25] Not much happened in this game. Weighted Error Value: White=0.05 (flawless) /Black=0.05 (flawless) . Inaccurate: 	White=1 	Black=1 OK: 	White=13 	Black=9 Best: 	--- 	Black=1} 1/2-1/2

[Event "XTX Markets London Classic-Elite 2024"]
[Site "London"]
[Date "2024.12.03"]
[Round "5.4"]
[White "Royal, Shreyas"]
[Black "Vidit, Santosh Gujrathi"]
[Result "1/2-1/2"]
[WhiteElo "2520"]
[BlackElo "2739"]
[Annotator "TA"]
[PlyCount "97"]
[EventDate "2024.??.??"]
[TimeControl "60"]

1. d4 d5 2. Nf3 Nf6 3. Bf4 e6 4. e3 Bd6 5. Ne5 O-O 6. Bd3 c5 7. c3 Qc7 {[%emt 0:00:47] D02: 1 d4 d5 2 Nf3 sidelines, including 2...Nf6 3 g3 and 2...Nf6 3 Bf4.} 8. Nd2 a5 $146 ({RR} 8... Nc6 9. Ndf3 b6 10. Bg3 Ne4 11. O-O Nxg3 12. hxg3 Nxe5 13. dxe5 Bxe5 14. Nxe5 Qxe5 15. Bc2 Ba6 16. Re1 Qf6 17. Qh5 h6 18. Rad1 Rad8 19. Qg4 Rfe8 20. Qa4 Bc4 21. Qxa7 Ra8 22. Qxb6 Rxa2 23. Bb1 {Antonio,J (2277)-Politov,P (2190) Chess.com INT 2022 0-1 (56)}) ({RR} 8... b6 9. h4 Ba6 10. Bxa6 Nxa6 11. h5 h6 12. Rh3 cxd4 13. exd4 Nc5 14. Kf1 Nfe4 15. Nxe4 Nxe4 16. Qg4 Nf6 17. Qe2 Ne4 18. Qg4 Nf6 19. Qh4 Ne4 20. Re3 Bxe5 21. Bxe5 Qd7 22. Kg1 f6 23. Bh2 {Erigaisi,A (2762)-Keymer,V (2726) Warsaw POL 2024 ½-½ (56)}) ({RR} 8... Nbd7 9. Nxd7 Nxd7 10. Bxd6 Qxd6 11. f4 c4 12. Bc2 b5 13. O-O Bb7 14. Rf3 f5 15. Rh3 g6 16. Nf3 Rf7 17. Qe1 Qe7 18. a4 bxa4 19. Bxa4 Nb6 20. Ne5 Rg7 21. Rh6 Nc8 22. h3 {½-½ (22) Rathbone-Jones,I (2134)-Rees,I (2262) Sutton Coldfield ENG 2024}) ({RR} 8... Nbd7 9. Ndf3 Ne4 10. O-O f6 11. Bxe4 dxe4 12. Nxd7 Bxd7 13. Bxd6 Qxd6 14. dxc5 Qc7 15. Nd2 f5 16. b4 Bc6 17. Nb3 Rad8 18. Qc2 f4 19. exf4 Qxf4 20. Nd4 Bd5 21. Rae1 e5 22. Nb5 Qg5 23. c4 {Antonio,J (2277)-Tarasova,V (2226) chess.com INT 2023 1-0}) 9. h4 a4 10. a3 Nc6 11. Ndf3 Ne4 12. Ng5 $146 ({Predecessor:} 12. Nxc6 Bxf4 13. Ne7+ Qxe7 14. exf4 cxd4 15. cxd4 Qc7 16. g3 Qa5+ 17. Kf1 Bd7 18. Qe2 {0-1 Sourath,B (2265)-Prraneeth,V (2437) Fagernes op-A 2023 (3)}) 12... cxd4 (12... f6 $11 13. Nxc6 Bxf4) 13. Nxc6 $14 bxc6 14. Bxe4 dxe4 15. Bxd6 Qxd6 16. Nxe4 Qd5 17. Qxd4 Rb8 18. Qxa4 (18. O-O $16) 18... f5 $1 $15 19. Ng3 Qxg2 20. Qc2 Rd8 21. c4 (21. Rd1 $15 Ba6 22. h5) 21... c5 $19 22. h5 h6 23. Rf1 e5 (23... Bb7 $19 {Threatens to win with ...Bf3.} 24. Rd1 Bf3) 24. Rd1 $15 Be6 25. Rxd8+ Rxd8 26. Nxf5 {[%emt 0:01:27] [#]} Qg5 $1 27. Ng3 Bg4 28. Ne4 (28. Ne2 $142) 28... Qf5 $17 (28... Qxh5 29. Nd2 $15 (29. Rg1 $2 Qf5 $19)) 29. f3 Bxf3 (29... Bxh5 30. Qe2 $17) 30. Qe2 Qxe4 (30... Rf8 31. Rxf3 Qxf3 32. Qxf3 Rxf3 33. Nxc5) 31. Rxf3 {[%emt 0:00:17] [#]} Qb1+ $1 32. Kf2 Qc1 (32... Rd1 $17 33. Rh3 Qc1) 33. Kg3 $1 $11 Rd1 34. Rf2 Re1 35. Qd2 Rg1+ (35... Rxe3+ 36. Kg2 Qxd2 37. Rxd2) 36. Kf3 Qxc4 37. Qd7 (37. Rg2 $1 $11 {was the only way to keep the balance.} Rf1+ 38. Rf2) 37... e4+ (37... Rg5 $17 {[%cal Og8h7] Strongly threatening ...Kh7!} 38. Rd2 Qf1+ (38... Rxh5 $2 {too greedy.} 39. Qe8+ Kh7 40. Qxh5 $18) 39. Ke4 Kh7 (39... Rxh5 $2 {is the wrong capture.} 40. Qe8+ Qf8 41. Qxh5 $18)) 38. Kf4 $11 Rg5 (38... Kh7 $11) 39. Qe8+ $1 $14 Kh7 40. a4 ({White should try} 40. Qxe4+ $14 Qxe4+ 41. Kxe4 Rxh5 42. Rf1) 40... Qc1 41. Qxe4+ Kh8 42. Qa8+ Kh7 43. Qe4+ Kh8 44. Qe8+ Kh7 45. Qe4+ Kh8 46. Qa8+ Kh7 47. Qe4+ Kh8 48. Qe8+ Kh7 49. Qe4+ 1/2-1/2

[Event "XTX Markets London Classic-Elite 2024"]
[Site "London"]
[Date "2024.12.05"]
[Round "6.1"]
[White "Ju, Wenjun"]
[Black "Vidit, Santosh Gujrathi"]
[Result "1/2-1/2"]
[WhiteElo "2563"]
[BlackElo "2739"]
[Annotator "TA"]
[PlyCount "65"]
[EventDate "2024.??.??"]
[TimeControl "60"]

1. Nf3 c5 2. c4 Nc6 3. d4 cxd4 4. Nxd4 Nf6 5. Nc3 e6 6. a3 Bc5 7. e3 d5 8. cxd5 exd5 9. Be2 ({RR} 9. Bb5 Qd6 10. b4 Bb6 11. Bb2 O-O 12. Na4 Bc7 13. Bxc6 bxc6 14. Rc1 Bd7 15. Nc5 Bc8 16. Qa4 Ng4 17. Qxc6 Qe5 18. Nd7 Qe4 19. Qxc7 Qxg2 20. Rf1 Nxh2 21. Ke2 Nxf1 22. Nf6+ gxf6 23. Rxf1 Bg4+ {Ostojic,N (2254)-Atakisi,U (2302) Novi Pazar SRB 2024 0-1 (47)}) 9... O-O {[%emt 0:00:11] The position is equal.} 10. O-O Re8 11. b4 Nxd4 $146 ({RR} 11... Bd6 12. Ncb5 Nxd4 13. Nxd4 Ne4 14. Bb2 Qh4 15. f4 Qe7 16. Bb5 Rd8 17. Bd3 a5 18. b5 Bd7 19. Re1 Rac8 20. Qh5 Nf6 21. Qh4 Ne4 22. Qh5 Be6 23. Nf5 Bxf5 24. Qxf5 Bc5 25. Rac1 g6 26. Qh3 {Blagojevic,M (2195)-Sokac,M (2325) Mali Losinj 2019 ½-½ (51)}) ({RR} 11... Bb6 12. Ncb5 Ne5 13. Nf3 Nc6 14. Bb2 Ne4 15. Rc1 Bg4 16. Nfd4 Bxe2 17. Qxe2 Qd7 18. Nxc6 bxc6 19. Nd4 Rac8 20. Rfd1 f6 21. Rc2 Nd6 22. Nf3 Qb7 23. Bd4 Nc4 24. Qd3 a5 25. h3 axb4 26. axb4 {Christiansen,L (2577)-De Firmian,N (2496) Saint Louis 2022 ½-½ (32)}) 12. bxc5 Ne6 13. Bf3 Nxc5 14. Nxd5 Be6 {[%emt 0:00:57][%cal Re6d5] [#]} 15. Bb2 $1 Bxd5 (15... Nxd5 $5 16. Qd4 $8 Qf6 17. Bxd5 Bxd5 18. Qxd5 Qe7 $16) 16. Bxf6 Qxf6 17. Qxd5 Rac8 18. a4 Red8 19. Qa2 b6 20. h3 a5 21. Rfd1 Nd3 22. Qe2 g6 23. Rab1 Rc3 24. Rd2 {[%emt 0:09:02] [#] And now Rbd1 would win.} Nb4 25. Rxd8+ Qxd8 26. Rd1 Qc7 27. Qb2 Rc2 28. Qf6 {[%emt 0:01:22] Rd8+ is the strong threat.} Rc1 29. Rxc1 Qxc1+ 30. Kh2 {[%emt 0:00:03] Strongly threatening Qd8+.} Qc7+ 31. Kg1 Qc1+ 32. Kh2 Qc7+ 33. Kg1 {[%emt 0:01:25] An interesting draw. Weighted Error Value: White=0.02 (flawless) /Black=0.02 (flawless) . OK: 	White=7 	Black=12 Best: 	White=3 	Black=1} 1/2-1/2

[Event "XTX Markets London Classic-Elite 2024"]
[Site "London"]
[Date "2024.12.05"]
[Round "6.2"]
[White "Vitiugov, Nikita"]
[Black "Royal, Shreyas"]
[Result "1-0"]
[WhiteElo "2668"]
[BlackElo "2520"]
[Annotator "TA"]
[PlyCount "89"]
[EventDate "2024.??.??"]
[TimeControl "60"]

1. e4 c6 2. d4 d5 3. e5 c5 4. Nf3 cxd4 5. Qxd4 Nc6 6. Qf4 {[%emt 0:00:08] B12: Caro-Kann: Advance Variation.} e6 7. Nc3 Nb4 8. Bd3 Nxd3+ 9. cxd3 Ne7 10. h4 h5 11. Bd2 Nf5 ({RR} 11... Ng6 12. Qg3 Bd7 13. Ne2 Qb6 14. Bc3 Be7 15. Nf4 Rh6 16. Ne2 Qa6 17. Nfd4 Qb6 18. Rd1 Rc8 19. a3 Bxa3 20. bxa3 Rxc3 21. Nxc3 Qxd4 22. Ne2 Qxe5 23. f4 Qf6 24. Rb1 Ne7 25. f5 e5 26. Rxb7 {LCZero 0.31-dag-5350a2e-BT4-6 (3631)-Stockfish dev-20240728-2343f7 (3662) tcec-chess.com INT 2024 ½-½ (38)}) 12. Ne2 a5 $146 (12... Qb6 $11) ({Predecessor:} 12... Bd7 13. Rh3 Qb6 14. Bc3 g6 15. Kf1 Rc8 16. Ned4 Bb5 17. Ng5 Bc5 18. Nxf5 gxf5 {1-0 Mahdavi,R (2357)-Muthaiah,A (2494) Dubai Police op-A 2024 (1)}) ({RR} 12... Qb6 13. Bc3 Qa6 14. Qd2 Be7 {½-½ (14) Liu,E (2332)-Galyas,M (2423) Sunnyvale USA 2024}) ({RR} 12... Bd7 13. Rh3 Qb6 14. Bc3 g6 15. Kf1 Rc8 16. Ned4 Bb5 17. Ng5 Bc5 18. Nxf5 gxf5 19. a4 d4 20. axb5 dxc3 21. bxc3 Qxb5 22. Kg1 Qb2 23. Rd1 Qe2 24. Qa4+ Kf8 25. d4 Be7 26. Rb1 Bxg5 27. hxg5 {Mahdavi,R (2353)-Muthaiah AL (2493) Dubai Police Officers Club, AE 2024 1-0 (35)}) 13. Ng3 $14 Be7 14. Nxf5 exf5 15. Qg3 g6 16. O-O O-O 17. Rac1 Bd7 (17... Re8 $14 {should be considered.}) 18. Be3 d4 19. Bg5 Bxg5 20. Nxg5 Qb6 21. Qf4 Be6 22. Nf3 Kg7 23. Qxd4 Qxd4 24. Nxd4 Bxa2 25. Nb5 Ra6 26. Rc5 Rc6 27. Rfc1 Rfc8 28. d4 Rxc5 29. dxc5 Bd5 30. Nd6 Ra8 31. f3 a4 32. Rc3 Bc6 33. Kf2 Ra6 34. Kg3 b5 (34... Ra5 $11) 35. cxb6 $1 $16 Rxb6 36. Kf4 $1 Bd5 37. Rc5 $1 Be6 (37... Bb7 $1 $14) 38. Rb5 $18 Rc6 (38... Ra6 $16) 39. Rb4 $2 (39. Kg5 $1 $18) 39... Rc2 $11 40. g3 Bb3 $2 (40... Rf2 $11 {and Black is okay.}) 41. Kg5 $1 $18 Rg2 $2 (41... Rxb2 $2 {is the wrong capture.} 42. Rb8 Bd5 43. Rxb2 $18) (41... Re2 $18) 42. Ne8+ $1 Kh7 43. Nf6+ Kg7 {[%emt 0:00:11] [#]} 44. g4 $1 fxg4 {[%emt 0:07:12] [#]} 45. f4 $1 1-0

[Event "XTX Markets London Classic-Elite 2024"]
[Site "London"]
[Date "2024.12.05"]
[Round "6.3"]
[White "Mamedyarov, Shakhriyar"]
[Black "Adams, Michael"]
[Result "0-1"]
[WhiteElo "2738"]
[BlackElo "2662"]
[Annotator "TA"]
[PlyCount "242"]
[EventDate "2024.??.??"]
[TimeControl "60"]

1. c4 e5 2. Nc3 Nf6 3. Nf3 Nc6 4. e3 Bb4 5. Qc2 Bxc3 6. bxc3 O-O 7. e4 d6 8. Be2 ({RR} 8. g3 Kh8 9. d3 Ng8 10. Nh4 Nge7 11. Bg2 f5 12. exf5 Nxf5 13. Nf3 Nfe7 14. O-O h6 15. Be3 Bf5 16. Nh4 Bh7 17. Qe2 Qd7 18. d4 Nf5 19. Nxf5 Bxf5 20. Rfe1 Rae8 21. Qb2 b6 22. c5 exd4 {So,W (2765)-Harikrishna,P (2729) Kolkata 2018 1-0 (71)}) ({RR} 8. g3 Nd7 9. Nh4 Nc5 10. Bg2 a6 11. Nf5 Be6 12. Ne3 b5 13. Ba3 Nd7 14. d3 bxc4 15. dxc4 Nb6 16. c5 Nc4 17. Nxc4 Bxc4 18. Bf1 Bxf1 19. Kxf1 d5 20. Rd1 d4 21. Bb2 Qf6 22. Kg2 Rfd8 {Grigoryan,K (2580)-Zhao,E (2352) Dulles USA 2024 ½-½ (110)}) 8... Ne7 9. O-O {[%emt 0:01:43] The position is equal.} Ng6 10. Re1 $146 ({RR} 10. d3 h6 11. Re1 Nh7 12. Be3 f5 13. exf5 Bxf5 14. Nd2 Kh8 15. Rad1 Nf4 16. Bf1 Qf6 17. f3 Qg6 18. Ne4 Bxe4 19. fxe4 b6 20. Kh1 Rf7 21. g3 Ne6 22. Bh3 Rf6 23. Bf5 Qh5 24. Qe2 Qxe2 {Dragnev,V (2521)-Rubes,J (2352) Teplice 2019 1-0 (65)}) 10... Re8 11. a4 c6 12. d3 d5 13. h3 h6 14. Bf1 dxe4 15. dxe4 Be6 16. Be3 Nd7 17. a5 b6 18. Qa4 Rc8 19. Red1 Qc7 20. Ne1 Ngf8 21. Nd3 c5 22. Ne1 Nb8 23. Nc2 Nc6 24. axb6 axb6 25. f3 Qb7 26. Bf2 Ra8 27. Qb5 Nd7 28. Ne3 Rxa1 29. Rxa1 Ra8 30. Rxa8+ Qxa8 31. Nd5 Na5 32. g3 Kh8 33. f4 (33. Nxb6 Nxb6 34. Qxb6 Nxc4 35. Bxc4 (35. Qxc5 Qa1 $17) 35... Bxc4 $11) 33... exf4 34. gxf4 Qd8 35. Bg2 f6 36. Bg3 Kg8 (36... f5 $1 $11) 37. Kh2 Kf7 38. Bf3 ({Better is} 38. Ne3 $16 {aiming for f5.} Kg8 39. Qa6) 38... Kg8 (38... f5 $11 {remains equal.}) 39. Kg2 f5 40. e5 Kf7 41. h4 g6 42. Kf2 h5 43. Kg2 Kg7 44. Bf2 Kf7 45. Ne3 Kg7 46. Nd5 Kf7 {[%emt 0:00:04] Black is weak on the dark squares} 47. Kh2 Kg7 48. Kg3 Qb8 49. Kh2 Qd8 50. Ne3 Nf8 51. Kg3 Qb8 52. Bg2 Bd7 53. Qb1 Be6 54. Bd5 Bd7 55. Nf1 {[%emt 0:02:39] Threatens to win with Bxc5.} Qd8 56. Nh2 Be6 57. Qa2 Bf7 58. Nf3 Ne6 59. Qb1 Qc7 60. Qb5 Nb7 61. Nd2 Nbd8 62. Qa4 Kf8 63. Nf1 Be8 64. Qa1 Bc6 65. Ne3 ({White should try} 65. Qa6 $14) 65... Qb7 (65... g5 $1 $11 66. hxg5 (66. fxg5 $2 f4+ 67. Kh2 fxe3 $19) 66... h4+ 67. Kf3 (67. Kxh4 $2 Nxf4 68. Qd1 Qxe5 $19) 67... Qh7 68. Bxc6 Qh5+ 69. Kg2 Nxf4+ 70. Kh1 Nxc6 71. Qa8+ Qe8 72. Qxe8+ Kxe8) 66. Qb1 $16 Ke8 67. Bxc6+ Qxc6 68. Nd5 Nc7 {[%emt 0:00:19] Inhibits Qb5.} 69. Nxb6 ({Don't take} 69. Qxb6 Qxb6 70. Nxb6 Na6 $14) 69... Nde6 70. Nc8 $1 Kd7 71. Nd6 Ne8 72. Nb5 (72. Nxe8 $16 Kxe8 73. Qb8+ Kf7 74. Qa7+ Kg8 75. Qe7) 72... Qe4 $1 $11 73. Qd1+ Ke7 {[%emt 0:00:29] Chess con chili.} 74. Qd2 Qxc4 75. Na3 Qb3 76. Nc2 Qa4 77. Be3 Qe4 $36 {[%emt 0:00:18][%mdl 2048] Black has the initiative.} 78. Ne1 N8c7 79. Nd3 Qd5 80. c4 Qxc4 {[%emt 0:00:24] ...Nd5 would now be deadly.} 81. Nxc5 $1 Nd5 82. Qa5 $2 Qe2 $19 ({And not} 82... Nxe3 83. Qa7+ Kf8 84. Nxe6+ Qxe6 85. Qa3+ Ke8 86. Qxe3 $11) 83. Qa7+ Nec7 {[%emt 0:00:18] Excellent horsemanship.} 84. Bf2 Qg4+ $2 (84... g5 {(  ...gxh4+)} 85. Nb3 (85. fxg5 {leads to mate.} f4+ 86. Kh3 Qf3+ 87. Kh2 Qxf2+ 88. Kh1 f3) 85... Qd3+ (85... gxf4+ $2 86. Kh2 $19) 86. Kh2 Qxb3 87. fxg5 Qb2) 85. Kh2 Qxf4+ 86. Kg1 Qg4+ 87. Kh2 Qe2 {[%emt 0:00:30][%csl Be5,Bf2] Against Nd3} 88. Kg1 Qg4+ 89. Kh2 $1 {[%emt 0:00:02] [#]} Qf4+ (89... Qc4 $1 $17 90. Nb7 Qf4+ 91. Bg3 Qd2+ 92. Bf2 Ke6 93. Nd8+ Kxe5 94. Nf7+ Kf6) 90. Kg1 $1 Qxe5 91. Qa4 Kf7 92. Nd3 Qd6 93. Qd4 Ne6 94. Ne5+ Kf6 95. Ng4+ $2 (95. Nc4+ Nxd4 96. Bxd4+ Ke7 97. Nxd6) 95... Ke7 96. Qa7+ Qc7 {[%emt 0:00:37][%cal Oc7a7] ...Qxa7! is the strong threat.} 97. Qa3+ {[%emt 0:01:09] [#]} Kf7 $1 98. Ne3 Nxe3 99. Qxe3 {[%emt 0:00:01][%mdl 4096] Endgame. KQB-KQN} Qf4 100. Qa7+ Qc7 {[%emt 0:00:05] Strongly threatening ...Qxa7.} 101. Qe3 $1 Qd7 102. Qb3 Qc6 103. Qa2 Qb7 104. Be3 Qe7 105. Qc4 Kg7 (105... Qd6 $142 {Hoping for ...Qg3+.} 106. Bf2 Qd1+ 107. Kh2 Qb1) 106. Qc3+ $2 (106. Qd5) 106... Qf6 107. Qb4 f4 108. Bf2 Kh6 109. Qd6 g5 110. hxg5+ Qxg5+ 111. Kh2 Qf5 112. Qb8 Qc2 113. Kg1 (113. Qh8+ $142 Kg5 114. Qg8+ Qg6 115. Qa8) 113... Qd1+ 114. Kh2 Qc2 115. Kg1 $1 Qd1+ (115... Qe2 $142 116. Qd6 Kg5 117. Qd5+ Kf6) 116. Kh2 Qe2 {[%emt 0:00:18] Against Qe5} 117. Kg1 Qg4+ $2 (117... Kg6 118. Qb1+ Kg5) 118. Kh2 $2 (118. Kf1) 118... f3 119. Bg3 (119. Be3+ $19 Kg6 120. Qb1+ Kf6 121. Qf1) 119... Qd4 {[%emt 0:00:23] Black mates.} 120. Qe5 Qxe5 121. Bxe5 h4 {[%emt 0:00:09] Weighted Error Value: White=0.13 (very precise) /Black=0.10 (very precise) . Loses game: 	White=1 	--- Mistake: 	White=7 	Black=5 Inaccurate: 	White=9 	Black=6 OK: 	White=39 	Black=46 Best: 	White=6 	Black=10 Strong: 	White=5 	Black=2} 0-1

[Event "XTX Markets London Classic-Elite 2024"]
[Site "London"]
[Date "2024.12.05"]
[Round "6.4"]
[White "Hong, Andrew"]
[Black "Jones, Gawain C B"]
[Result "1/2-1/2"]
[WhiteElo "2572"]
[BlackElo "2639"]
[Annotator "TA"]
[PlyCount "92"]
[EventDate "2024.??.??"]
[TimeControl "60"]

1. e4 e5 2. Nf3 Nc6 3. Bb5 Nf6 4. Nc3 Nd4 5. O-O Nxb5 6. Nxb5 c6 7. Nc3 d6 8. d4 Qc7 9. Bg5 Be7 10. a4 a5 11. Qd3 h6 12. Bxf6 Bxf6 13. d5 Be7 ({RR} 13... O-O 14. Rfd1 Be7 15. Nd2 Bg4 16. f3 Bd7 17. Nc4 Rad8 18. Kh1 f5 19. Ne3 Qc8 20. Nxf5 Bxf5 21. exf5 Rxf5 22. Ne4 Kh8 23. Ra3 cxd5 24. Rc3 Qd7 25. Qxd5 Qxa4 26. Qxb7 Rd7 27. Rc8+ Kh7 28. Qd5 {Garrido Outon,A (2406)-Ruiz Buendia,M (2304) Madrid ESP 2024 1-0 (37)}) 14. Nd2 O-O 15. Nc4 Qb8 $146 ({RR} 15... f5 16. Rad1 fxe4 17. Nxe4 Bf5 18. Rfe1 Rad8 19. Qb3 Kh8 20. Qb6 Qxb6 21. Nxb6 Bg6 22. b3 Bf7 23. c4 c5 24. Nc3 Bg6 25. Nb5 Rf6 26. g3 Bf5 27. f4 Rdf8 28. fxe5 dxe5 29. d6 Bd8 30. Nd5 {Korchmar,V (2438)-Tari,A (2620) chess.com INT 2023 0-1 (41)}) 16. Rfd1 Bg4 17. Rdb1 Qa7 18. h3 Bd7 19. Rd1 (19. b4 {feels hotter.} Bh4 20. Qe3 axb4 21. Rxb4 Qxe3 22. fxe3 cxd5 23. Nb6) 19... Rfd8 20. Qe3 Qxe3 21. Nxe3 g6 22. Rd3 f5 23. f3 Ra6 24. Rad1 Rf8 25. Kh2 cxd5 26. Nexd5 Bd8 27. Ne3 {[%emt 0:01:13] White is more active. A dynamic duo of knights.} Be7 28. Ned5 Bd8 29. Nb5 fxe4 30. fxe4 Rf2 31. R1d2 Rxd2 32. Rxd2 Rc6 33. b3 Bg5 34. Rf2 Kg7 35. g3 h5 36. h4 Bd8 37. c3 g5 38. Ne3 gxh4 {[%emt 0:00:19] The position is equal.} 39. gxh4 Bxh4 40. Nf5+ Bxf5 41. Rxf5 $11 {[%emt 0:30:09][%mdl 4096] Endgame. KRB-KRN} Be1 42. Rf3 Kg6 43. Kh3 Bd2 44. Rd3 Be1 45. Rf3 Bd2 46. Rd3 Be1 {[%emt 0:00:00] Weighted Error Value: White=0.10 (very precise) /Black=0.06 (flawless) . Inaccurate: 	White=3 	Black=2 OK: 	White=13 	Black=13 Best: 	White=1 	Black=2} 1/2-1/2